Map: Campi della morte

Players

Tinwe - Winner!

  • Race: Terran Terran
  • League: Diamond

ZaMBoR - Winner!

  • Race: Zerg Zerg

Mørtebianca

  • Race: Zerg Zerg
  • League: Diamond

Jhyrachy

  • Race: Zerg Zerg
  • League: Silver

VOD

Have the link to the VOD?

Description

Time

  • Played on: Dec. 17, 2015, 5:37 p.m.
  • Length: 13:58
Show
View Real Time Build Order
Export as new Build Order

Tinwe Terran - Winner!

Build Orders: Reaper Expand, MMM Bio 

Get SALT Encoding   

  12  0:00  SCV  
  13  0:12  SCV  
  14  0:19  Supply Depot  
  14  0:24  SCV  
  15  0:30  Refinery  
  15  0:40  SCV  
  16  0:45  Barracks  
  16  0:52  SCV  
  17  1:04  SCV  
  18  1:16  SCV  
  19  1:32  Orbital Command  
  19  1:33  Reaper  
  20  1:45  Command Center  
  20  1:52  Supply Depot  
  20  1:57  SCV  
  21  2:07  Factory  
  21  2:10  SCV  
  21  2:14  Refinery  
  22  2:22  SCV  
  23  2:30  Barracks Reactor  
  23  2:34  SCV  
  24  2:46  SCV  
  25  3:06  SCV x2  
  26  3:18  Barracks Reactor, SCV  
  27  3:21  Hellion  
  27  3:22  Starport, Hellion  
  27  3:25  Orbital Command  
  31  3:30  SCV, Engineering Bay  
  32  3:42  SCV  
  32  3:43  Hellion x2  
  37  3:52  Barracks  
  37  3:53  SCV  
  37  3:54  SCV  
  39  3:59  Medivac  
  41  4:04  Hellion  
  41  4:05  SCV, Supply Depot, Hellion  
  46  4:10  Terran Infantry Weapons Level 1  
  46  4:27  Marine x2, SCV x2  
  46  4:28  Supply Depot  
  50  4:42  Barracks Tech Lab  
  50  4:44  Marine x2  
  50  4:45  Medivac  
  54  4:47  Supply Depot  
  54  4:48  Factory Tech Lab  
  54  4:49  Supply Depot, Barracks  
  54  4:50  SCV x2  
  56  4:56  Supply Depot  
  56  5:02  Marine, SCV x2  
  56  5:04  Stimpack  
  56  5:05  Marine x2  
  61  5:15  Medivac  
  53  5:38  SCV x2  
  53  5:40  Marine x2  
  53  5:41  Siege Tank  
  58  5:47  Marine x3  
  61  5:51  SCV x2  
  61  5:54  Refinery  
  61  5:55  Refinery  
  63  5:58  Marine  
  63  6:00  Medivac  
  63  6:01  Supply Depot  
  66  6:05  Marauder  
  66  6:08  Command Center  
  66  6:09  SCV x2  
  70  6:12  Marine x2  
  70  6:13  Marine  
  70  6:16  Marine  
  70  6:18  Missile Turret  
  74  6:21  SCV  
  74  6:24  Supply Depot  
  75  6:26  Marine, SCV  
  75  6:30  Marine x2  
  79  6:33  SCV  
  79  6:36  Missile Turret  
  79  6:38  SCV  
  81  6:43  Marine  
  81  6:44  Marine x2  
  84  6:48  Marine  
  85  6:56  SCV x2  
  85  6:57  Marine  
  85  6:58  Starport Reactor  
  85  6:59  Siege Tank  
  91  7:01  Marine  
  91  7:04  Combat Shields  
  91  7:07  Missile Turret  
  93  7:08  SCV  
  93  7:10  Missile Turret, Terran Infantry Armor Level 1  
  93  7:11  Engineering Bay  
  93  7:14  SCV  
  94  7:18  Marine x2  
  94  7:20  SCV  
  97  7:24  Supply Depot  
  97  7:34  Orbital Command, SCV  
  98  7:38  Missile Turret  
  98  7:54  Marine x2, SCV x2  
  98  7:55  Marauder, Marine, Medivac  
  98  7:56  Siege Tank, Medivac  
  111  8:15  SCV x2  
  111  8:16  Marauder  
  111  8:19  Refinery  
  115  8:22  Refinery  
  115  8:24  Sensor Tower  
  115  8:25  Marine, SCV  
  115  8:26  Marine x2  
  117  8:29  SCV  
  118  8:34  Barracks  
  118  8:36  Barracks  
  118  8:38  Marauder  
  120  8:47  Marine x2  
  120  8:56  SCV x3  
  120  8:59  Marauder  
  120  9:02  Marine  
  126  9:03  Medivac x2  
  126  9:04  Supply Depot x2  
  128  9:19  Marine  
  128  9:20  Marine x3  
  128  9:21  SCV  
  133  9:25  Barracks Reactor x2, SCV  
  133  9:26  Marauder  
  133  9:28  Supply Depot  
  133  9:29  Supply Depot  
  116  9:47  Marauder  
  116  9:49  Medivac x2  
  116  9:52  Barracks  
  122  9:56  Barracks  
  122  9:57  Barracks  
  122  9:58  Barracks  
  122  9:59  Barracks  
  122  10:00  Supply Depot  
  122  10:01  Supply Depot  
  122  10:02  Supply Depot  
  122  10:08  Marauder  
  122  10:10  Marine x5  
  129  10:17  Armory  
  129  10:20  Command Center, Marine  
  129  10:21  Marine x2  
  132  10:27  Marine  
  132  10:28  Marine  
  133  10:30  Marauder  
  132  10:36  Command Center  
  132  10:42  Marine x2  
  129  10:46  Command Center x2  
  129  10:51  Marauder, Barracks  
  128  11:02  Marine x5  
  128  11:03  Marine x3  
  133  11:06  Terran Infantry Armor Level 2, Terran Infantry Weapons Level 2  
  133  11:13  Marauder  
  130  11:20  Marine x4  
  130  11:21  Marine  
  130  11:22  Barracks Reactor x2  
  125  11:25  Barracks Reactor  
  125  11:29  Barracks Reactor  
  125  11:34  Marauder  
  127  11:41  Orbital Command  
  127  11:49  Barracks Reactor  
  127  11:52  Orbital Command  
  127  11:55  Marauder  
  127  11:56  Barracks  
  129  12:07  Orbital Command  
  129  12:09  Orbital Command, Barracks  
  129  12:11  Marine  
  129  12:12  Marine x11  
  141  12:17  Marauder  
  143  12:29  Marine  
  136  12:30  Marine x11  
  136  12:32  Marine x2  
  136  12:38  Marauder  
  136  12:41  SCV  
  136  12:42  SCV  
  140  12:47  Marine  
  140  12:48  Marine x10  
  149  12:58  Marine x3  
  151  12:59  Marauder  
  151  13:05  Marine x2  
  155  13:09  Marine x3, Medivac  
  155  13:10  Medivac  
  163  13:21  Marauder  
  154  13:36  Marine x3  
  154  13:37  Marine x7  
  154  13:38  Marine x4  
Show
View Real Time Build Order
Export as new Build Order

ZaMBoR Zerg - Winner!

Build Orders: Hatch First, Lurkers 

Get SALT Encoding   

  12  0:01  Drone  
  13  0:13  Overlord  
  13  0:18  Drone  
  14  0:31  Drone x2  
  16  0:36  Drone  
  17  0:56  Drone  
  18  1:00  Hatchery  
  17  1:11  Spawning Pool  
  16  1:12  Drone  
  16  1:17  Drone  
  18  1:22  Drone  
  19  1:28  Extractor  
  19  1:30  Drone  
  19  1:41  Overlord  
  19  1:51  Drone  
  20  1:58  Queen  
  22  2:03  Drone  
  23  2:11  Queen  
  23  2:12  Drone  
  23  2:14  Drone  
  28  2:22  Drone  
  28  2:24  Drone  
  29  2:33  Drone  
  29  2:34  Drone  
  29  2:35  Lair  
  31  2:46  Overlord  
  31  2:47  Drone  
  32  2:55  Drone  
  32  2:56  Drone  
  34  3:05  Extractor  
  34  3:06  Extractor  
  34  3:08  Drone x4  
  34  3:09  Overlord  
  36  3:13  Extractor  
  35  3:20  Drone, Roach Warren  
  35  3:21  Drone x3  
  35  3:23  Drone  
  39  3:32  Drone  
  39  3:33  Drone  
  41  3:44  Drone x3, Hydralisk Den  
  41  3:45  Drone  
  44  3:49  Overlord  
  44  3:55  Evolution Chamber  
  43  3:56  Evolution Chamber  
  43  4:02  Drone  
  43  4:03  Drone x2  
  45  4:10  Overlord  
  45  4:11  Drone  
  45  4:16  Drone x2, Overlord  
  48  4:17  Spore Crawler  
  48  4:19  Drone  
  48  4:20  Spore Crawler  
  48  4:21  Drone  
  48  4:26  Glial Reconstitution  
  48  4:29  Lurker Den  
  48  4:34  Zerg Missile Weapons Level 1  
  48  4:39  Zerg Ground Armor Level 1  
  48  4:45  Spore Crawler  
  47  4:46  Drone x3  
  47  4:48  Drone  
  51  4:56  Hydralisk x2  
  51  4:58  Hydralisk  
  57  5:16  Spore Crawler, Hatchery  
  55  5:21  Spore Crawler  
  55  5:23  Spore Crawler, Drone  
  55  5:24  Overlord  
  54  5:35  Spore Crawler  
  53  5:37  Drone  
  53  5:38  Drone, Overlord  
  53  5:41  Hydralisk x3  
  61  5:44  Hydralisk  
  63  5:50  Pneumatized Carapace  
  63  5:57  Hydralisk x2  
  63  5:58  Hydralisk  
  63  6:01  Overlord  
  69  6:24  Lurker  
  69  6:25  Lurker x3  
  73  6:27  Hydralisk x4  
  73  6:28  Overlord  
  73  6:29  Queen  
  83  6:33  Drone x2  
  83  6:34  Drone  
  83  6:35  Drone  
  87  6:41  Drone x3  
  87  6:42  Drone  
  91  6:53  Drone x6  
  97  6:58  Overlord  
  97  7:00  Extractor x2, Overlord  
  95  7:04  Zerg Missile Weapons Level 2  
  95  7:10  Zerg Ground Armor Level 2  
  95  7:13  Overlord  
  95  7:16  Drone x2  
  95  7:18  Drone  
  95  7:19  Drone  
  95  7:20  Drone  
  95  7:22  Drone  
  101  7:28  Drone, Overlord  
  102  7:44  Infestation Pit  
  101  7:51  Spore Crawler  
  101  7:56  Spore Crawler  
  101  7:58  Spore Crawler x2  
  97  8:00  Drone x5  
  97  8:01  Drone x2, Overlord  
  97  8:02  Spore Crawler  
  103  8:07  Overlord, Hydralisk  
  103  8:08  Hydralisk x4  
  113  8:18  Hydralisk x4  
  121  8:27  Overlord, Hydralisk x3  
  127  8:39  Hydralisk x2  
  127  8:40  Hydralisk x2  
  135  8:41  Hydralisk  
  137  8:54  Hatchery  
  136  8:55  Hive  
  136  9:01  Lurker x2  
  136  9:02  Lurker x3  
  141  9:05  Hydralisk x2  
  145  9:20  Spine Crawler  
  134  9:25  Spine Crawler  
  134  9:28  Hydralisk x6  
  117  9:50  Overlord, Hydralisk x7  
  117  9:51  Hydralisk x3  
  137  10:09  Overlord, Hydralisk x3  
  137  10:10  Roach x3  
  149  10:18  Queen  
  151  10:22  Drone x4  
  151  10:23  Drone  
  156  10:41  Hydralisk x2, Overlord  
  156  10:42  Hydralisk x3, Roach x4  
  169  10:43  Roach  
  158  11:04  Hydralisk x5, Roach x2, Overlord  
  158  11:05  Roach x2  
  158  11:11  Overlord, Roach  
  176  11:18  Extractor  
  177  11:19  Extractor  
  177  11:21  Spore Crawler  
  177  11:22  Spore Crawler  
  177  11:23  Spore Crawler  
  173  11:25  Spore Crawler  
  173  11:26  Spore Crawler, Drone x3  
  173  11:27  Drone x3  
  173  11:28  Spine Crawler  
  176  11:47  Hydralisk x2, Overlord  
  176  11:48  Hydralisk x3, Roach x4  
  153  12:02  Hydralisk x3  
  153  12:03  Roach x4  
  153  12:07  Lurker  
  153  12:08  Lurker x3  
  171  12:09  Lurker  
  171  12:15  Overlord, Hydralisk  
  172  12:16  Roach  
  176  12:37  Hydralisk  
  176  12:38  Hydralisk x3, Roach x5  
  176  12:39  Roach  
  183  13:04  Hydralisk x5, Roach x2  
  183  13:05  Roach x3  
  185  13:26  Hydralisk x3  
  185  13:27  Roach x4  
Show
View Real Time Build Order
Export as new Build Order

Mørtebianca Zerg 

Build Orders: Hatch First 

Get SALT Encoding   

  12  0:01  Drone  
  13  0:10  Drone  
  14  0:35  Hatchery  
  13  0:38  Drone  
  14  0:45  Extractor  
  14  0:47  Overlord  
  14  1:05  Drone x3  
  14  1:09  Extractor  
  16  1:17  Drone  
  17  1:22  Spawning Pool  
  16  1:31  Drone  
  17  1:43  Drone  
  18  1:54  Drone x2  
  20  2:01  Drone  
  20  2:02  Drone  
  22  2:08  Drone  
  22  2:10  Queen x2  
  27  2:19  Drone  
  27  2:21  Metabolic Boost  
  28  2:24  Overlord  
  28  2:33  Overlord  
  28  2:44  Zergling x2  
  28  2:45  Zergling x6  
  32  2:51  Drone  
  32  2:53  Drone  
  34  3:11  Drone x2  
  36  3:13  Drone  
  37  3:22  Drone  
  37  3:23  Drone x6  
  44  3:32  Overlord  
  44  3:39  Extractor, Drone  
  44  3:41  Hatchery  
  44  3:43  Drone  
  44  3:46  Overlord  
  44  3:51  Drone x2  
  44  3:53  Drone  
  47  3:56  Drone x3  
  47  3:57  Extractor  
  47  4:01  Drone x2  
  47  4:02  Roach Warren  
  50  4:10  Drone x2  
  50  4:11  Lair  
  52  4:21  Drone x2  
  52  4:23  Drone x3  
  55  4:35  Drone  
  55  4:36  Drone x4  
  60  4:41  Evolution Chamber  
  60  4:43  Drone, Evolution Chamber  
  60  4:45  Drone  
  60  4:53  Queen x2  
  60  4:54  Overlord  
  60  4:56  Overlord  
  64  5:01  Drone x2  
  64  5:05  Overlord x2  
  66  5:08  Zerg Missile Weapons Level 1  
  66  5:11  Zerg Ground Armor Level 1  
  66  5:18  Zergling x10  
  70  5:28  Queen  
  71  5:45  Drone  
  71  5:47  Drone x3  
  71  5:48  Extractor  
  71  5:49  Drone x2  
  76  5:50  Overlord  
  76  5:51  Overlord x5  
  76  5:54  Glial Reconstitution  
  76  5:56  Burrow  
  76  5:57  Overlord  
  76  6:01  Roach  
  76  6:02  Roach  
  82  6:11  Roach x2  
  82  6:15  Spore Crawler  
  82  6:17  Roach x3  
  82  6:18  Roach x7  
  101  6:22  Roach  
  105  6:26  Roach  
  105  6:29  Drone  
  105  6:30  Baneling Nest  
  107  6:34  Roach  
  107  6:39  Drone  
  110  6:41  Extractor  
  110  6:43  Drone  
  110  6:44  Drone x2  
  110  6:45  Drone  
  113  6:51  Roach x3  
  113  6:52  Roach x5  
  129  7:00  Overlord  
  129  7:01  Overlord, Hydralisk Den  
  128  7:08  Drone  
  129  7:09  Extractor  
  129  7:12  Tunneling Claws  
  128  7:22  Drone x3  
  131  7:23  Roach  
  131  7:24  Roach x7  
  131  7:25  Ravager  
  131  7:26  Ravager x2  
  131  7:28  Zergling x2  
  131  7:29  Zergling x2  
  152  7:30  Zergling x2  
  152  7:31  Ravager  
  154  7:38  Ravager  
  155  7:46  Roach x3  
  161  8:06  Overlord x4  
  160  8:20  Ravager  
  160  8:21  Overlord x2  
  160  8:22  Overlord x2  
  161  8:29  Ravager x8  
  161  8:30  Ravager  
  161  8:32  Zergling x12  
  176  8:38  Zerg Missile Weapons Level 2  
  176  8:52  Hatchery  
  175  9:01  Roach x8  
  175  9:02  Roach x2  
  195  9:09  Hydralisk x2  
  190  9:27  Roach  
  190  9:28  Roach x4  
  111  9:45  Roach  
  111  9:46  Roach x6  
  123  9:53  Roach  
  123  9:54  Ravager x6  
  123  9:55  Ravager  
  132  10:02  Overseer x3  
  132  10:04  Extractor  
  132  10:05  Zergling x10  
  136  10:07  Extractor  
  136  10:08  Pneumatized Carapace  
  136  10:10  Zergling x2  
  136  10:13  Roach  
  138  10:17  Drone  
  138  10:18  Drone x3  
  138  10:19  Drone x3  
  138  10:20  Drone x2  
  140  10:43  Roach  
  140  10:44  Roach x7  
  132  10:54  Roach  
  132  10:55  Roach x5  
  113  11:00  Roach x2  
  117  11:05  Roach  
  117  11:09  Roach x2  
  119  11:15  Roach  
  105  11:19  Hydralisk x2  
  105  11:24  Hydralisk  
  109  11:26  Ravager x4  
  109  11:27  Ravager x5  
  109  11:28  Ravager  
  118  11:45  Roach x5  
  126  12:02  Roach  
  126  12:03  Roach x5  
  132  12:12  Roach x2  
  136  12:18  Roach  
  136  12:19  Roach x4  
  146  12:33  Hydralisk  
  146  12:34  Hydralisk x5  
  156  12:48  Hydralisk x3  
  154  13:09  Ravager  
  154  13:10  Ravager x6  
  161  13:18  Roach x7  
Show
View Real Time Build Order
Export as new Build Order

Jhyrachy Zerg 

Build Orders: Hatch First 

Get SALT Encoding   

  12  0:03  Drone  
  13  0:13  Overlord  
  13  0:17  Drone  
  14  0:34  Drone x2  
  16  0:37  Drone  
  17  0:53  Hatchery  
  16  1:03  Drone  
  17  1:05  Drone  
  18  1:18  Extractor  
  17  1:23  Spawning Pool  
  16  1:26  Drone  
  17  1:49  Drone x2  
  17  1:50  Overlord  
  19  2:10  Queen  
  19  2:13  Drone x2  
  19  2:14  Drone  
  24  2:18  Queen  
  24  2:19  Drone  
  27  2:32  Extractor  
  27  2:33  Drone x2  
  28  2:42  Zergling x4  
  28  3:16  Drone x2  
  28  3:19  Drone  
  31  3:42  Baneling Nest  
  30  4:02  Queen  
  32  4:04  Metabolic Boost  
  32  4:07  Hatchery, Drone  
  32  4:08  Drone x4  
  36  4:12  Overlord x3  
  36  4:31  Roach Warren  
  35  4:33  Drone x2  
  35  4:34  Drone x2  
  35  4:35  Drone  
  35  4:37  Drone x3  
  43  4:38  Overlord x2  
  43  4:56  Drone x2  
  45  5:03  Evolution Chamber  
  45  5:07  Evolution Chamber  
  42  5:19  Roach x5  
  33  5:55  Lair  
  33  6:08  Drone  
  33  6:09  Drone x11  
  45  6:36  Roach x6  
  57  6:53  Overlord  
  57  6:54  Overlord x2  
  57  7:00  Overlord x4  
  57  7:05  Zerg Missile Weapons Level 1  
  57  7:11  Queen  
  59  7:25  Drone  
  59  7:26  Drone x9  
  66  8:01  Spore Crawler  
  59  8:17  Spore Crawler  
  59  8:25  Queen  
  54  9:43  Spore Crawler  
  53  9:45  Drone  
  53  9:46  Drone x8  
  53  9:47  Drone x6  
  68  10:05  Centrifical Hooks  
  68  10:12  Zerg Melee Weapons Level 1  
  68  10:13  Zerg Ground Armor Level 1  
  68  10:29  Queen  
  68  10:34  Hatchery  
  69  10:47  Zergling x4  
  69  10:48  Zergling x34  
  62  11:07  Baneling x6  
  62  11:08  Baneling x5  
  52  11:25  Baneling  
  52  11:26  Baneling x10  
  52  11:30  Drone x4  
  56  11:35  Zergling x2  
  56  11:36  Zergling x16  
  54  12:04  Baneling x7  
  54  12:21  Hatchery  
  44  12:50  Ravager  
  29  13:32  Zergling x10  
  33  13:41  Drone  
Tags
 
Add a new tag
Caveats
  • Supply blocks, unpowered buildings, or Contaminate may cause inaccurate times.
  • Supply counts are checked every 10 seconds.